APL (24 & UNDER)
SAVANNAH HOGS @ STATE COLLEGE SPIKES
09/16/2027
 
TOP OF THE 1ST
Savannah Hogs batting - Pitching for State College Spikes : LHP Roberto Aguilar
Pitching: LHP Roberto Aguilar
Batting: RHB Ramón Gómez 0-0: Ball
1-0: Ball
2-0: Ground out 6-3 (Groundball, 6)
Batting: RHB Anastasio Movonda 0-0: Foul Ball, location: 2F
0-1: Ball
1-1: Foul Ball, location: 2F
1-2: Ball
2-2: Ball
3-2: Foul Ball, location: 2F
3-2: SINGLE (Groundball, 3D)
Batting: RHB Henry Dawson 0-0: Ball
Wild Pitch!
Anastasio Movonda to second
1-0: Called Strike
1-1: Called Strike
1-2: Foul Ball, location: 2F
1-2: Ball
2-2: Foul Ball, location: 2F
2-2: SINGLE (Flyball, 7LS)
Anastasio Movonda to third
Batting: LHB Jim Clemente 0-0: Called Strike
Henry Dawson is caught stealing 2nd base
0-1: Foul Ball, location: 2F
0-2: Ball
1-2: Strikes out swinging
Top of the 1st over - 0 run(s), 2 hit(s), 0 error(s), 1 left on base; Savannah 0 - State College 0
BOTTOM OF THE 1ST
State College Spikes batting - Pitching for Savannah Hogs : LHP Roberto Barrón
Pitching: LHP Roberto Barrón
Batting: RHB Luis Quezada 0-0: Ball
1-0: SINGLE (Groundball, 4D)
Batting: RHB Piotr Zahn 0-0: Called Strike
0-1: Ball
1-1: Ball
2-1: Ball
3-1: Grounds into double play, 6-4-3 (Groundball, 6)
Batting: SHB Thomas Simmons 0-0: Ball
1-0: Ball
2-0: Fly out, F9 (Flyball, 9LM)
Bottom of the 1st over - 0 run(s), 1 hit(s), 0 error(s), 0 left on base; Savannah 0 - State College 0
TOP OF THE 2ND
Savannah Hogs batting - Pitching for State College Spikes : LHP Roberto Aguilar
Batting: RHB Sergio Moreno 0-0: Called Strike
0-1: Ball
1-1: SINGLE (Line Drive, 9LS)
Batting: RHB Guillermo González 0-0: Swinging Strike
0-1: Fly out, F8 (Flyball, 8LM)
Batting: RHB Remi Eruzione 0-0: Ball
1-0: Swinging Strike
1-1: Ball
2-1: Fly out, F8 (Flyball, 8LD)
Batting: RHB Alex Whitehead 0-0: Ball
1-0: Called Strike
1-1: Foul Ball, location: 2F
1-2: Strikes out swinging
Top of the 2nd over - 0 run(s), 1 hit(s), 0 error(s), 1 left on base; Savannah 0 - State College 0
BOTTOM OF THE 2ND
State College Spikes batting - Pitching for Savannah Hogs : LHP Roberto Barrón
Batting: RHB Pedro Echevarría 0-0: Called Strike
0-1: Foul Ball, location: 2F
0-2: Ball
1-2: Foul Ball, location: 2F
1-2: Ball
2-2: Foul Ball, location: 2F
2-2: Foul Ball, location: 2F
2-2: Foul Ball, location: 2F
2-2: Ball
3-2: SINGLE (Line Drive, 9S)
Batting: LHB Phil Neal 0-0: Swinging Strike
0-1: Ball
1-1: Foul Ball, location: 2F
1-2: Ball
2-2: Ball
3-2: Base on Balls
Pedro Echevarría to second
Batting: RHB Joaquín Vásquez 0-0: Ball
1-0: Ball
2-0: Called Strike
2-1: Ball
3-1: Grounds into double play, 4-6-3 (Groundball, 4M)
Pedro Echevarría to third
Batting: RHB Luis Montoya 0-0: Ball
1-0: Ground out 5-3 (Groundball, 5)
Bottom of the 2nd over - 0 run(s), 1 hit(s), 0 error(s), 1 left on base; Savannah 0 - State College 0
TOP OF THE 3RD
Savannah Hogs batting - Pitching for State College Spikes : LHP Roberto Aguilar
Batting: RHB Ernesto Gómez 0-0: Called Strike
0-1: Ball
1-1: Ball
2-1: Called Strike
2-2: Foul Ball, location: 2F
2-2: Strikes out swinging
Batting: RHB Ramón Gómez 0-0: Ground out 6-3 (Groundball, 6)
Batting: RHB Anastasio Movonda 0-0: Called Strike
0-1: Called Strike
0-2: Foul Ball, location: 2F
0-2: Foul Ball, location: 2F
0-2: Ball
1-2: SINGLE (Line Drive, 9S)
Batting: RHB Henry Dawson 0-0: Fielders Choice at 2nd, 5-4 (Groundball, 56)
Top of the 3rd over - 0 run(s), 1 hit(s), 0 error(s), 0 left on base; Savannah 0 - State College 0
BOTTOM OF THE 3RD
State College Spikes batting - Pitching for Savannah Hogs : LHP Roberto Barrón
Batting: LHB Wally Harris 0-0: Called Strike
0-1: Ball
1-1: Foul Ball, location: 2F
1-2: SINGLE (Line Drive, 4M)
Batting: RHB Alonzo Herrera 0-0: Swinging Strike
0-1: Ball
1-1: Fielders Choice at 2nd, 6-4 (Groundball, 56)
Batting: RHB Luis Quezada 0-0: Called Strike
0-1: Ball
1-1: Ball
2-1: Called Strike
2-2: Fielders Choice at 2nd, 6-4 (Groundball, 6)
Batting: RHB Piotr Zahn 0-0: Called Strike
Luis Quezada steals 2nd base
0-1: Ground out 5-3 (Groundball, 2L)
Bottom of the 3rd over - 0 run(s), 1 hit(s), 0 error(s), 1 left on base; Savannah 0 - State College 0
TOP OF THE 4TH
Savannah Hogs batting - Pitching for State College Spikes : LHP Roberto Aguilar
Batting: LHB Jim Clemente 0-0: Foul Ball, location: 2F
0-1: Ball
1-1: Ball
2-1: Ball
3-1: Called Strike
3-2: Strikes out swinging passed ball, reaches first!
Batting: RHB Sergio Moreno 0-0: Foul Ball, location: 2F
0-1: Ball
1-1: Ball
2-1: Ball
3-1: Called Strike
3-2: Grounds into double play, 5-4-3 (Groundball, 56)
Batting: RHB Guillermo González 0-0: Foul Ball, location: 2F
0-1: Ball
1-1: Foul Ball, location: 2F
1-2: Fly out, F9 (Flyball, 9S)
Top of the 4th over - 0 run(s), 0 hit(s), 0 error(s), 0 left on base; Savannah 0 - State College 0
BOTTOM OF THE 4TH
State College Spikes batting - Pitching for Savannah Hogs : LHP Roberto Barrón
Batting: SHB Thomas Simmons 0-0: SINGLE (Line Drive, 89S)
Batting: RHB Pedro Echevarría 0-0: Ball
1-0: Ball
2-0: Foul Ball, location: 2F
2-1: Foul Ball, location: 2F
2-2: Ball
3-2: Ground out 5-3 (Groundball, 25)
Thomas Simmons to second
Batting: LHB Phil Neal 0-0: Called Strike
0-1: SINGLE (Groundball, 34D)
Thomas Simmons to third
Runner from 3rd tries for Home, SAFE, no throw
Batting: RHB Joaquín Vásquez 0-0: Foul Ball, location: 2F
0-1: Ball
1-1: Called Strike
1-2: Foul Ball, location: 2F
1-2: Ball
2-2: Ball
3-2: Base on Balls
Phil Neal to second
Batting: RHB Luis Montoya 0-0: Called Strike
0-1: Ball
1-1: SINGLE (Line Drive, 5D)
Phil Neal to third
Joaquín Vásquez to second
Batting: LHB Wally Harris 0-0: Swinging Strike
0-1: Grounds into double play, 4-6-3 (Groundball, 4)
Bottom of the 4th over - 1 run(s), 3 hit(s), 0 error(s), 2 left on base; Savannah 0 - State College 1
TOP OF THE 5TH
Savannah Hogs batting - Pitching for State College Spikes : LHP Roberto Aguilar
Batting: RHB Remi Eruzione 0-0: Called Strike
0-1: Foul Ball, location: 2F
0-2: Ball
1-2: Ball
2-2: Ball
3-2: Foul Ball, location: 2F
3-2: Ground out 4-3 (Groundball, 4MS)
Pitching: RHP Mark Osborne
Batting: RHB Alex Whitehead 0-0: Swinging Strike
0-1: Foul Ball, location: 2F
0-2: Foul Ball, location: 2F
0-2: Ball
1-2: Ball
2-2: Ball
3-2: Strikes out swinging
Batting: RHB Ernesto Gómez 0-0: Ball
1-0: Ball
2-0: Ball
3-0: Called Strike
3-1: Foul Ball, location: 2F
3-2: Foul Ball, location: 2F
3-2: Strikes out swinging
Top of the 5th over - 0 run(s), 0 hit(s), 0 error(s), 0 left on base; Savannah 0 - State College 1
BOTTOM OF THE 5TH
State College Spikes batting - Pitching for Savannah Hogs : LHP Roberto Barrón
Batting: RHB Alonzo Herrera 0-0: Ball
1-0: Ball
2-0: Called Strike
2-1: TRIPLE (Flyball, 8RXD)
Batting: RHB Luis Quezada 0-0: Ball
1-0: Foul Ball, location: 2F
1-1: Foul Ball, location: 2F
1-2: Foul Ball, location: 2F
1-2: Ball
2-2: Strikes out swinging
Batting: RHB Piotr Zahn 0-0: Ball
1-0: Swinging Strike
1-1: Foul Ball, location: 2F
1-2: Hit by Pitch
Batting: SHB Thomas Simmons 0-0: Called Strike
0-1: Ball
1-1: Foul Ball, location: 2F
1-2: Strikes out swinging
Pitching: RHP Ubaldo Tavaia
Batting: RHB Pedro Echevarría 0-0: Called Strike
0-1: SINGLE (Groundball, 4MD)
Alonzo Herrera scores
Piotr Zahn to second
Batting: LHB Phil Neal 0-0: Foul Ball, location: 2F
0-1: Swinging Strike
0-2: Ball
1-2: DOUBLE (Flyball, 78XD)
Piotr Zahn scores
Pedro Echevarría to third
Runner from 3rd tries for Home, SAFE, no throw
Batting: RHB Joaquín Vásquez 0-0: Ball
1-0: Swinging Strike
1-1: Foul Ball, location: 2F
1-2: Strikes out swinging
Bottom of the 5th over - 3 run(s), 3 hit(s), 0 error(s), 1 left on base; Savannah 0 - State College 4
TOP OF THE 6TH
Savannah Hogs batting - Pitching for State College Spikes : RHP Mark Osborne
Batting: RHB Ramón Gómez 0-0: Ball
1-0: Called Strike
1-1: Fly out, F2 (Popup, 25)
Batting: RHB Anastasio Movonda 0-0: SINGLE (Groundball, 5D)
Batting: RHB Henry Dawson 0-0: Ball
1-0: 2-RUN HOME RUN (Flyball, 78XD), Distance : 418 ft
Batting: LHB Jim Clemente 0-0: Ground out U3 (Groundball, 3)
Batting: RHB Sergio Moreno 0-0: Called Strike
0-1: Called Strike
0-2: Strikes out swinging
Top of the 6th over - 2 run(s), 2 hit(s), 0 error(s), 0 left on base; Savannah 2 - State College 4
BOTTOM OF THE 6TH
State College Spikes batting - Pitching for Savannah Hogs : RHP Ubaldo Tavaia
Batting: RHB Luis Montoya 0-0: Called Strike
0-1: Ball
1-1: Fly out, F8 (Flyball, 89M)
Batting: LHB Wally Harris 0-0: Called Strike
0-1: Fly out, F6 (Line Drive, 6)
Batting: RHB Alonzo Herrera 0-0: Foul Ball, location: 2F
0-1: Foul Ball, location: 2F
0-2: Fly out, F7 (Flyball, 7)
Bottom of the 6th over - 0 run(s), 0 hit(s), 0 error(s), 0 left on base; Savannah 2 - State College 4
TOP OF THE 7TH
Savannah Hogs batting - Pitching for State College Spikes : RHP Mark Osborne
Batting: RHB Guillermo González 0-0: Ball
1-0: Called Strike
1-1: Ball
2-1: Foul Ball, location: 2F
2-2: Ground out 6-3 (Groundball, 56)
Batting: RHB Remi Eruzione 0-0: Ball
1-0: Called Strike
1-1: DOUBLE (Flyball, 8LXD)
Batting: RHB Alex Whitehead 0-0: Called Strike
0-1: Foul Ball, location: 2F
0-2: Ball
1-2: 2-RUN HOME RUN (Flyball, 7LD), Distance : 332 ft
Pitching: LHP Michael Stewart
Batting: RHB Ernesto Gómez 0-0: Ground out 6-3 (Groundball, 6)
Batting: RHB Ramón Gómez 0-0: Ball
1-0: Ball
2-0: Called Strike
2-1: SINGLE (Flyball, 89S)
Batting: RHB Anastasio Movonda 0-0: Called Strike
0-1: Swinging Strike
0-2: Ball
1-2: Ball
Ramón Gómez steals 2nd base
2-2: Foul Ball, location: 2F
2-2: Ball
3-2: Fly out, F8 (Line Drive, 78M)
Top of the 7th over - 2 run(s), 3 hit(s), 0 error(s), 1 left on base; Savannah 4 - State College 4
BOTTOM OF THE 7TH
State College Spikes batting - Pitching for Savannah Hogs : RHP Ubaldo Tavaia
Batting: RHB Luis Quezada 0-0: Swinging Strike
0-1: Swinging Strike
0-2: Ball
1-2: Strikes out swinging
Batting: RHB Piotr Zahn 0-0: Fly out, F8 (Flyball, 8LD)
Batting: SHB Thomas Simmons 0-0: Ball
1-0: Fly out, F8 (Flyball, 8LXD)
Bottom of the 7th over - 0 run(s), 0 hit(s), 0 error(s), 0 left on base; Savannah 4 - State College 4
TOP OF THE 8TH
Savannah Hogs batting - Pitching for State College Spikes : LHP Michael Stewart
Batting: RHB Henry Dawson 0-0: Foul Ball, location: 2F
0-1: Swinging Strike
0-2: Strikes out swinging
Batting: LHB Jim Clemente 0-0: Ball
1-0: Ball
2-0: Foul Ball, location: 2F
2-1: Swinging Strike
2-2: Ball
3-2: SINGLE (Flyball, 7LS)
Batting: RHB Sergio Moreno 0-0: Ball
Jim Clemente is caught stealing 2nd base
1-0: Foul Ball, location: 2F
1-1: Foul Ball, location: 2F
1-2: Foul Ball, location: 2F
1-2: Strikes out swinging
Top of the 8th over - 0 run(s), 1 hit(s), 0 error(s), 0 left on base; Savannah 4 - State College 4
BOTTOM OF THE 8TH
State College Spikes batting - Pitching for Savannah Hogs : RHP Ubaldo Tavaia
Pinch Hitting: RHB Tony Parker 0-0: Ground out 6-3 (Groundball, 6D)
Batting: LHB Phil Neal 0-0: Ball
1-0: Ball
2-0: Ball
3-0: Base on Balls
Batting: RHB Joaquín Vásquez 0-0: Fly out, F8 (Flyball, 89S)
Batting: RHB Luis Montoya 0-0: Called Strike
0-1: Called Strike
0-2: Ball
1-2: Ground out 5-3 (Groundball, 5S)
Bottom of the 8th over - 0 run(s), 0 hit(s), 0 error(s), 1 left on base; Savannah 4 - State College 4
TOP OF THE 9TH
Savannah Hogs batting - Pitching for State College Spikes : LHP Michael Stewart
Pitching: RHP Don Shelton
Now in LF: Tony Parker
Pinch Hitting: LHB Guillermo Santos 0-0: Ball
1-0: Called Strike
1-1: Ball
2-1: Called Strike
2-2: Ball
3-2: Strikes out swinging
Pinch Hitting: LHB Juan Delgado 0-0: Swinging Strike
0-1: Foul Ball, location: 2F
0-2: Ball
1-2: Strikes out swinging
Pinch Hitting: RHB Javier Músquez 0-0: Called Strike
0-1: Swinging Strike
0-2: Ball
1-2: Ball
2-2: Strikes out swinging
Top of the 9th over - 0 run(s), 0 hit(s), 0 error(s), 0 left on base; Savannah 4 - State College 4
BOTTOM OF THE 9TH
State College Spikes batting - Pitching for Savannah Hogs : RHP Ubaldo Tavaia
Now at 3B: Luis González
Now in LF: Guillermo Santos
Now in CF: Javier Músquez
Batting: LHB Wally Harris 0-0: Ball
1-0: SINGLE (Flyball, 89S)
Pinch Hitting: LHB Burt Ward 0-0: SINGLE (Flyball, 7S)
Wally Harris to second
Batting: RHB Luis Quezada 0-0: Sac Bunt - play at first, batter OUT! 1-4
Wally Harris to third
Burt Ward to second
Batting: RHB Piotr Zahn 0-0: Intentional Walk
Batting: SHB Thomas Simmons 0-0: Foul Ball, location: 2F
0-1: Ball
1-1: Grounds into fielders choice 1-2 (Groundball, 13)
Burt Ward to third
Piotr Zahn to second
Batting: RHB Tony Parker 0-0: Swinging Strike
0-1: Ball
1-1: Foul Ball, location: 2F
1-2: Hit by Pitch
Burt Ward scores
Piotr Zahn to third
Thomas Simmons to second
Thursday, March 30th, 2017 - OOTP Baseball 17.12 Build 75